 Dungeon Crawl Stone Soup version 0.26-a0-597-gb535b0901c (webtiles) character file.

Game seed: 14437693508034154494

777 HoaS the Chiller (level 7, -12/36 HPs)
             Began as a Gargoyle Ice Elementalist on Aug 27, 2020.
             Shot with an arrow by a centaur (14 damage)
             ... on level 5 of the Dungeon.
             The game lasted 00:27:32 (5625 turns).

HoaS the Chiller (Gargoyle Ice Elementalist)        Turns: 5625, Time: 00:27:33

Health: -12/36     AC:  8    Str: 11    XL:     7   Next: 84%
Magic:  3/14       EV: 12    Int: 18    God:
Gold:   257        SH:  0    Dex: 10    Spells: 4/15 levels left

rFire    . . .     SeeInvis .   c - +1 whip
rCold    . . .     Faith    .   (no shield)
rNeg     + . .     Spirit   .   a - +2 robe
rPois    ∞         Reflect  .   (no helmet)
rElec    +         Harm     .   (no cloak)
rCorr    .                      (no gloves)
MR       .....                  (no boots)
Stlth    ++........             (no amulet)
HPRegen  0.12/turn              g - ring of flight
MPRegen  0.14/turn              (no ring)

@: no status effects
A: negative energy resistance 1, electricity resistance, unbreathing,
petrification resistance, rot immunity, AC +4
a: Evoke Flight


You were on level 5 of the Dungeon.
You visited 1 branch of the dungeon, and saw 5 of its levels.

You collected 257 gold pieces.

Inventory:

Hand Weapons
 c - a +1 whip (weapon)
Armour
 a - a +2 robe (worn)
Jewellery
 g - a ring of flight (left hand)
Wands
 n - a wand of flame (14)
Scrolls
 b - a scroll of remove curse
 h - a scroll of identify
 i - 2 scrolls of teleportation
 j - 2 scrolls of enchant armour
 o - a scroll of magic mapping
Potions
 d - a potion of flight
 e - a potion of stabbing {unknown}
 f - 2 potions of curing {unknown}
 k - a potion of magic {unknown}
 l - a potion of invisibility {unknown}
 m - a potion of haste {unknown}
 p - a potion of resistance {unknown}


   Skills:
 - Level 1.5 Dodging
 - Level 2.1 Stealth
 + Level 4.6 Spellcasting
 + Level 2.4 Summonings
 * Level 7.5 Ice Magic


You had 4 spell levels left.
You knew the following spells:

 Your Spells              Type           Power        Failure   Level
a - Freeze                Ice            ####         1%          1
b - Ozocubu's Armour      Ice            ####....     1%          3
c - Frozen Ramparts       Ice            ####..       1%          3
d - Summon Ice Beast      Ice/Summ       ###.....     19%         4

Your spell library contained the following spells:

 Spells                   Type           Power        Failure   Level
 Hailstorm                Conj/Ice       ###.....     28%         4


Dungeon Overview and Level Annotations

Branches:
Dungeon (5/15)
 Temple: D:4-7

Altars:
Dithmenos
Elyvilon
Hepliaklqana
Nemelex Xobeh


Innate Abilities, Weirdness & Mutations

You are resistant to torment.
Your stone body is resilient. (AC +4)
You are immune to poison.
You resist negative energy. (rN+)
You are resistant to electric shocks. (rElec)
You can survive without breathing.
You are immune to petrification.
You are immune to rotting.


Message History

You hit the bullfrog skeleton.
You destroy the bullfrog skeleton!
Your icy armour cracks and falls away as you move.
A centaur comes into view.
The centaur shouts!
The centaur wields a +0 shortbow.
The centaur shoots an arrow.
The arrow hits you.
You see here an arrow.
The centaur shoots an arrow.
The arrow closely misses you.
You see here an inky potion.
Casting: Ozocubu's Armour (safe; 1% risk of failure)
Confirm with . or Enter, or press ? or * to list all spells.
A film of ice covers your body!
The centaur shoots an arrow.
The arrow hits you!
An adder comes into view.
Your icy armour cracks and falls away as you move.
The centaur shoots an arrow.
The arrow hits you!
* * * LOW HITPOINT WARNING * * *
The centaur shoots an arrow.
The arrow hits you!
You die...

#.....#......#...........#..#...#
......#......#...........#..#...#
......#..##..#...........#####..#
.....##..##'###'##+###'#######(.#
.....'....................#.....'
#....#....................'....>#
#....############################
#....................... ..
#...............@...c... ...
#........(....(!........ ....
#............(.......S.. ....
#....................... .....
####+###+###+######..... .....
.... ....


You could see a centaur and an adder.

Vanquished Creatures
  Edmund (D:4)
  An ogre (D:4)
  3 scorpions (D:4)
  A bullfrog skeleton (D:5)
  A jelly (D:5)
  2 orc priests (D:4)
  4 orc wizards
  A worker ant (D:4)
  6 adders
  5 worms
  A dart slug (D:2)
  5 leopard geckos
  19 orcs
  6 bats
  10 giant cockroaches
  6 goblins
  8 hobgoblins
  3 jackals (D:3)
  2 ball pythons (D:3)
  5 frilled lizards
  7 kobolds
  A leopard gecko skeleton (D:4)
  10 rats
108 creatures vanquished.

Notes
Turn   | Place    | Note
-------+----------+-------------------------------------------
     0 | D:1      | HoaS the Gargoyle Ice Elementalist began the quest for the
                  | Orb.
     0 | D:1      | Reached XP level 1. HP: 10/10 MP: 3/3
   248 | D:1      | Reached XP level 2. HP: 11/15 MP: 5/5
   962 | D:2      | Reached XP level 3. HP: 19/19 MP: 4/6
   967 | D:2      | Learned a level 3 spell: Ozocubu's Armour
   971 | D:2      | Learned a level 3 spell: Frozen Ramparts
  1433 | D:2      | Found a hazy altar of Hepliaklqana.
  1461 | D:2      | Reached XP level 4. HP: 20/24 MP: 5/8
  1464 | D:2      | Reached skill level 5 in Ice Magic
  1604 | D:2      | Found a white marble altar of Elyvilon.
  2608 | D:3      | Reached XP level 5. HP: 28/28 MP: 4/9
  3008 | D:3      | Found a shadowy altar of Dithmenos.
  3939 | D:4      | Reached skill level 6 in Ice Magic
  3939 | D:4      | Reached XP level 6. HP: 32/32 MP: 6/11
  4000 | D:4      | Learned a level 4 spell: Summon Ice Beast
  4235 | D:4      | Reached skill level 1 in Summonings
  4374 | D:4      | Noticed Edmund
  4406 | D:4      | Killed Edmund
  4406 | D:4      | Reached skill level 7 in Ice Magic
  4406 | D:4      | Reached XP level 7. HP: 6/36 MP: 5/13
  4802 | D:4      | Found a sparkling altar of Nemelex Xobeh.
  5172 | D:5      | Entered Level 5 of the Dungeon
  5625 | D:5      | Shot with an arrow by a centaur

Illustrated notes

Levels and vault maps discovered:
D:1:      saegor_arrival_simple_a, layout_basic
D:2:      layout_loops_ring, nicolae_overflow_crystal_walls, lemuel_round_altar
D:3:      layout_loops_corners, lemuel_doored_altar, minmay_misc_feat_cross,
          kennysheep_generic_room_10
D:4:      layout_basic, overflow_temple_1_default, uniq_edmund
D:5:      layout_gridville, fiery_altar_vehumet, minmay_temple_entry_mini_moons

Skill      XL: |  1  2  3  4  5  6  7 |
---------------+----------------------+-----
Spellcasting   | 3 4 |  4.6
Ice Magic      | 5 6 7 |  7.5
Summonings     | 1 2 |  2.4
Dodging        | |  1.5
Stealth        | |  2.1

Action                   |  1- 3 |  4- 6 |  7- 9 || total
-------------------------+-------+-------+-------++-------
Melee: Club              |    12 |       |       ||    12
       Whip              |    35 |   100 |    22 ||   157
 Cast: Freeze            |    35 |    83 |    28 ||   146
       Ozocubu's Armour  |       |     3 |     3 ||     6
       Frozen Ramparts   |       |     2 |     3 ||     5
  Use: Scroll            |     6 |     6 |       ||    12
 Stab: Sleeping          |     1 |     2 |       ||     3
Armor: Robe              |    24 |    79 |    26 ||   129
Dodge: Dodged            |    37 |    95 |    44 ||   176

Table legend: (Time is in decaauts)
 A = Elapsed time spent in this place.
 B = Non-inter-level travel time spent in this place.
 C = Inter-level travel time spent in this place.
 D = Time resting spent in this place.
 E = Time spent auto-exploring this place.
 F = Levels seen in this place.
 G = Mean time per level.
                   A        B        C        D        E       F      G
               +--------+--------+--------+--------+--------+-----+--------+
         Total |   5644 |   5556 |     88 |   2036 |   2341 |   5 | 1128.8 |
       Dungeon |   5644 |   5556 |     88 |   2036 |   2341 |   5 | 1128.8 |
               +--------+--------+--------+--------+--------+-----+--------+

Top non-repeatable levels by time:
     D:4: 1783 daAuts
     D:3: 1378 daAuts
     D:2: 1305 daAuts
     D:1: 984 daAuts
     D:5: 192 daAuts
